 Dungeon Crawl Stone Soup version 0.29.0-10-g45618ea6d2 (webtiles) character file.

Game seed: 17330395002603937166

5251 sanka the Martial Artist (level 10, -8/88 HPs)
             Began as a Purple Draconian Monk on Sept 1, 2022.
             Was a High Priest of Okawaru.
             Mangled by a two-headed ogre
             ... wielding a +0 giant spiked club
              (32 damage)
             ... on level 9 of the Dungeon.
             The game lasted 00:11:19 (9448 turns).

sanka the Martial Artist (Purple Draconian Monk)    Turns: 9448, Time: 00:11:20

Health: -8/88      AC: 13    Str: 13    XL:     10   Next: 36%
Magic:  12/13      EV: 15    Int: 15    God:    Okawaru [*****.]
Gold:   578        SH:  0    Dex: 14    Spells: 9/9 levels left

rFire   . . .      SeeInvis +     - Unarmed
rCold   + . .      Faith    .   (no shield)
rNeg    . . .      Spirit   .   (body armour unavailable)
rPois   .          Reflect  .   v - +2 hat
rElec   +          Harm     .   z - +0 cloak
rCorr   .          Rampage  .   (no gloves)
Will    +....                   t - +2 pair of boots
Stlth   +++.......              y - amulet of the acrobat
HPRegen 0.24/turn               C - ring of protection from cold
MPRegen 0.13/turn               I - ring "Lodaj" {rElec SInv}

@: heroic, studying Unarmed Combat
A: breathe power, AC +7, unfitting armour, cold-blooded
a: Breathe Dispelling Energy, Renounce Religion, Heroism, Finesse, Duel


You were on level 9 of the Dungeon.
You worshipped Okawaru.
Okawaru was extremely pleased with you.
You visited 1 branch of the dungeon, and saw 9 of its levels.

You collected 578 gold pieces.


Innate Abilities, Weirdness & Mutations

You can breathe bolts of dispelling energy.
Your rich purple scales are hard. (AC +7)
You cannot fit into any form of body armour.
You are cold-blooded and may be slowed by cold attacks.


   Skills:
 - Level 7.7(12.7) Fighting
 - Level 2.8(7.8) Dodging
 - Level 1.7(6.7) Stealth
 * Level 14.4(19.4) Unarmed Combat
 - Level 4.1 Invocations


You had 9 spell levels left.
You didn't know any spells.
Your spell library contained the following spells:

 Spells                   Type           Power      Damage    Failure   Level
 Beastly Appendage        Tmut           0%         N/A       26%         1
 Freeze                   Ice            0%         1d3       26%         1
 Sandblast                Erth           0%         2d4       26%         1
 Passwall                 Tmut/Erth      0%         N/A       38%         2
 Wereblood                Tmut           0%         N/A       38%         2
 Dazzling Flash           Conj/Hex       0%         N/A       63%         3
 Frozen Ramparts          Ice            0%         1d1       63%         3
 Spider Form              Tmut/Pois      0%         N/A       63%         3
 Stone Arrow              Conj/Erth      0%         3d7       63%         3
 Hailstorm                Conj/Ice       0%         3d3       95%         4
 Iskenderun's Mystic Bla  Conj/Tloc      0%         2d3       95%         4
 Starburst                Conj/Fire      0%         6d3       100%        6

Inventory:

Missiles
 r - a throwing net {=f}
 H - 2 curare-tipped darts {=f}
Armour
 t - a +2 pair of boots (worn)
 v - a +2 hat (worn)
 z - a +0 cloak (worn)
Jewellery
 i - a ring of poison resistance
 y - an amulet of the acrobat (around neck)
 A - a ring of ice
 C - a ring of protection from cold (left hand)
 I - the ring "Lodaj" (right hand) {rElec SInv}

   [ring of see invisible]

   rElec:     It insulates you from electricity.
   SInv:      It lets you see invisible.
Wands
 o - a wand of roots (15)
 B - a wand of flame (16)
Scrolls
 c - 10 scrolls of identify {unknown}
 d - 2 scrolls of magic mapping {unknown}
 g - 8 scrolls of teleportation {unknown}
 h - 3 scrolls of fog {unknown}
 j - 2 scrolls of amnesia {unknown}
 k - 3 scrolls of brand weapon {unknown}
 m - a scroll of immolation {unknown}
 n - 3 scrolls of noise {unknown}
 p - 2 scrolls of vulnerability {unknown}
 E - 2 scrolls of enchant armour {unknown}
 F - a scroll of enchant weapon {unknown}
Potions
 a - 2 potions of ambrosia
 b - a potion of degeneration {unknown}
 e - a potion of might
 f - 3 potions of mutation {unknown}
 l - 2 potions of curing {@q1}
 q - a potion of lignification {unknown}
 s - 4 potions of attraction {unknown}
 u - a potion of invisibility {unknown}
 w - a potion of cancellation {unknown}
 x - 2 potions of brilliance {unknown}
 D - a potion of haste {unknown}
 G - a potion of flight {unknown}

Dungeon Overview and Level Annotations

Branches:
Dungeon (9/15)             Temple (0/1) D:4
   Lair: D:8-11         Orc: D:9-12

Altars:
Cheibriados
Elyvilon
Gozag
Makhleb
Nemelex Xobeh
Okawaru
Ru
Sif Muna
Trog
Wu Jian
Yredelemnul

Annotations:
D:4 2 transporters, Kahsius's ghost, amateur TrTm ...▒▒▒..........▒▒▒▒▒ ▒ ... ▒▒▒▒▒'▒▒▒▒▒▒ ▒ .▒▒ ▒.h▒▒▒▒ ▒ ▒.....▒▒ ▒.▒▒▒o.▒▒ ▒'▒ ▒▒..▒ ▒▒▒ ▒▒o▒▒▒▒▒▒▒▒ ▒.OPPPPP)= ▒hd▒P£▒PP

▒▒▒▒
≈...≈≈≈≈≈≈≈≈≈≈≈≈
▒...
⌠._....!........
▒.▒▒
≈...≈≈≈≈≈≈≈≈≈≈≈≈
≈≈⌠≈≈▒▒P.▒P.▒.P▒
▒≈≈≈▒ ▒.P.PP...P
▒▒▒▒ ▒.▒▒▒▒▒...
+▒▒...▒ ▒▒
▒▒▒....▒


You could see a two-headed ogre, an orc warrior (strong), a howler monkey
(summoned) and an orc.


Message History

The two-headed ogre hits you with a +0 giant spiked club!!
* * * LOW HITPOINT WARNING * * *
The two-headed ogre barely misses you. The orc warrior misses you.
You pummel the two-headed ogre!!
You tail-slap the two-headed ogre, but do no damage.
The two-headed ogre is almost dead.
The howler monkey hits you but does no damage.
You barely miss the two-headed ogre.
Your tail-slap misses the two-headed ogre.
Your punch misses the two-headed ogre.
The two-headed ogre is almost dead.
The howler monkey misses you.
The two-headed ogre hits you with a +0 giant spiked club!
* * * LOW HITPOINT WARNING * * *
The two-headed ogre hits you with a +0 giant club.
* * * LOW HITPOINT WARNING * * *
The orc warrior drinks a potion.
The orc warrior seems to grow stronger.
You hit the two-headed ogre. You tail-slap the two-headed ogre.
You punch the two-headed ogre, but do no damage.
The two-headed ogre is almost dead.
The howler monkey hits you.
* * * LOW HITPOINT WARNING * * *
The orc warrior hits you but does no damage.
You hit the two-headed ogre.
The two-headed ogre is almost dead.
The two-headed ogre hits you with a +0 giant spiked club!!
You die...

Action                   |  1- 3 |  4- 6 |  7- 9 | 10-12 || total
-------------------------+-------+-------+-------+-------++-------
Melee: Unarmed           |   118 |   269 |   325 |   116 ||   828
       Tailslap          |    19 |    33 |    37 |    12 ||   101
       Punch             |     1 |     8 |    22 |     9 ||    40
Invok: Heroism           |       |     3 |     3 |     5 ||    11
       Finesse           |       |       |     1 |       ||     1
 Abil: Breathe Dispellin |       |       |     1 |       ||     1
Evoke: Wand              |       |       |     2 |     2 ||     4
 Stab: Sleeping          |     5 |     5 |     3 |     1 ||    14
Armor: Skin              |    48 |    78 |   118 |    31 ||   275
Dodge: Dodged            |    80 |   128 |   121 |    81 ||   410

Levels and vault maps discovered:
D:1:      sevenhm_arrival_forest_fort_large_4, layout_basic,
          nicolae_ecumenical_snake_handling, minmay_distorted
D:2:      layout_loops_ring, basic_altar, hangedman_decor_growths,
          roderic_serpentine_path, hex_large, kennysheep_crisscross
D:3:      minmay_roachtagon, layout_loops_cross,
          mainiacjoe_overflow_concentric_impassable, uniq_ijyb
D:4:      layout_loops_ring, mainiacjoe_overflow_catwalk_spiral,
          minmay_temple_entry_proselytizer, gammafunk_ghost_smash,
          amcnicky_mini_corridor_feature
D:5:      layout_loops_ring
D:6:      layout_basic, kennysheep_slug_shrine
D:7:      layout_loops_cross, nicolae_gozag_cash_rules_everything_around_me,
          makhleb_grotto_becter, pdpol_wu_jian_five_deadly_venoms,
          kennysheep_generic_room_16
D:8:      layout_basic, grunt_ministairs_14, minivault_14,
          minmay_manual_mandibuliform
D:9:      layout_roguey, trog_hazing_becter, led_sif_book,
          nicolae_elyvilon_temple_path, lair_entry_dummy,
          kennysheep_generic_room_9

Notes
Turn   | Place    | Note
-------+----------+-------------------------------------------
     0 | D:1      | sanka the Draconian Monk began the quest for the Orb.
     0 | D:1      | Reached XP level 1. HP: 19/19 MP: 1/1
   149 | D:1      | Reached XP level 2. HP: 6/26 MP: 2/2
   180 | D:1      | HP: 2/26 [quokka (2)]
   726 | D:1      | Reached skill level 4 in Unarmed Combat
   953 | D:1      | Found a faded altar of an unknown god.
   972 | D:1      | Reached XP level 3. HP: 27/31 MP: 3/3
  1518 | D:2      | Reached skill level 5 in Unarmed Combat
  1518 | D:2      | Reached XP level 4. HP: 36/38 MP: 4/4
  1587 | D:2      | Found an iron altar of Okawaru.
  1630 | D:2      | Became a worshipper of Warmaster Okawaru
  1630 | D:2      | Reached * piety under Okawaru
  1630 | D:2      | Reached ** piety under Okawaru
  2098 | D:3      | Found a sparkling altar of Nemelex Xobeh.
  2143 | D:3      | Reached skill level 1 in Invocations
  2419 | D:3      | Noticed Ijyb
  2432 | D:3      | Killed Ijyb
  2433 | D:3      | Reached XP level 5. HP: 25/45 MP: 2/6
  2734 | D:3      | Reached skill level 2 in Invocations
  3299 | D:4      | Found a staircase to the Ecumenical Temple.
  3474 | D:4      | Found a basalt altar of Yredelemnul.
  3479 | D:4      | Found a sacrificial altar of Ru.
  3912 | D:4      | Found a transporter.
  3915 | D:4      | Noticed an ogre
  3915 | D:4      | Noticed Kahsius's ghost (amateur TrTm)
  3921 | D:4      | Found a transporter.
  3982 | D:5      | Entered Level 5 of the Dungeon
  4052 | D:5      | Reached skill level 3 in Invocations
  4111 | D:5      | Reached skill level 6 in Unarmed Combat
  4111 | D:5      | Reached XP level 6. HP: 25/51 MP: 6/8
  4480 | D:5      | Reached skill level 4 in Invocations
  5036 | D:5      | Noticed a wyvern
  5040 | D:5      | Killed a wyvern
  5041 | D:5      | Reached skill level 7 in Unarmed Combat
  5041 | D:5      | Your scales start taking on a rich purple colour.
  5041 | D:5      | Reached XP level 7. HP: 57/57 MP: 7/10
  5510 | D:6      | Reached *** piety under Okawaru
  5511 | D:6      | Reached skill level 8 in Unarmed Combat
  5825 | D:6      | Reached skill level 9 in Unarmed Combat
  6054 | D:6      | Reached XP level 8. HP: 63/63 MP: 11/11
  6278 | D:6      | Found a snail-covered altar of Cheibriados.
  6528 | D:7      | Reached skill level 10 in Unarmed Combat
  6759 | D:7      | Found an opulent altar of Gozag.
  7357 | D:7      | Reached **** piety under Okawaru
  7478 | D:7      | Found an ornate altar of the Wu Jian Council.
  7497 | D:7      | Found a burning altar of Makhleb.
  7602 | D:8      | Reached skill level 11 in Unarmed Combat
  7636 | D:8      | Reached XP level 9. HP: 64/71 MP: 9/12
  7643 | D:8      | Reached skill level 4 in Fighting
  7657 | D:8      | Reached skill level 5 in Fighting
  7668 | D:8      | Reached ***** piety under Okawaru
  7669 | D:8      | Reached skill level 12 in Unarmed Combat
  7929 | D:8      | Reached skill level 6 in Fighting
  8167 | D:8      | Noticed a brown ugly thing
  8191 | D:8      | Killed a brown ugly thing
  8192 | D:8      | Reached skill level 7 in Fighting
  8212 | D:8      | Reached XP level 10. HP: 64/86 MP: 7/13
  8433 | D:8      | Identified the ring "Lodaj" {rElec SInv}
  8709 | D:9      | Reached skill level 13 in Unarmed Combat
  9030 | D:9      | Reached skill level 14 in Unarmed Combat
  9136 | D:9      | Found a bloodstained altar of Trog.
  9258 | D:9      | Found a shimmering blue altar of Sif Muna.
  9408 | D:9      | Noticed a two-headed ogre
  9428 | D:9      | Found a white marble altar of Elyvilon.
  9448 | D:9      | Mangled by a two-headed ogre

Vanquished Creatures
  An ugly thing (D:8)
  A wraith (D:9)
  A wyvern (D:5)
  6 yaks (D:8)
  A steam dragon (D:8)
  3 water moccasins
  2 orc warriors (D:8)
  2 ice beasts (D:8)
  2 sky beasts
  2 black bears
  An ogre (D:7)
  A centaur (D:8)
  2 phantoms
  2 kobold brigands (D:8)
  2 bullfrogs
  A necrophage (D:7)
  2 gnoll sergeants
  5 wights (D:9)
  10 killer bees (D:9)
  A howler monkey (D:6)
  3 electric eels
  A crimson imp (D:7)
  2 jellies
  A hound (D:6)
  6 orc priests
  Ijyb (D:3)
  2 iguanas
  10 orc wizards
  8 gnolls
  8 adders
  A shadow imp (D:7)
  4 dart slugs
  31 orcs
  7 endoplasms
  11 giant cockroaches (D:3)
  8 goblins
  7 hobgoblins
  5 jackals
  4 quokkas
  11 ball pythons
  4 bats (D:1)
  7 frilled lizards
  16 kobolds
  5 rats
211 creatures vanquished.

Vanquished Creatures (others)
  An orc wizard (D:6)
  2 plants
3 creatures vanquished.

Grand Total: 214 creatures vanquished
